Map: Jagannatha LE

Players

MarineLorD - Winner!

  • Race: Terran Terran
  • League: Master
  • Spawn Location: 1:00

Kas

  • Race: Terran Terran
  • Spawn Location: 7:00

Event: DreamHack SC2 Masters 2020 Winter

VOD

Have the link to the VOD?

Description

Time

  • Played on: Nov. 1, 2020, 12:26 p.m.
  • Length: 11:17

All games in this series

Show
View Real Time Build Order
Export as new Build Order

MarineLorD Terran - Winner!

Build Orders:  

Get SALT Encoding   

  12  0:00  SCV  
  13  0:12  SCV  
  14  0:17  Supply Depot  
  14  0:24  SCV  
  15  0:29  Refinery  
  15  0:38  SCV  
  16  0:45  Barracks  
  16  0:50  SCV  
  16  0:56  Refinery  
  17  1:02  SCV  
  18  1:14  SCV  
  19  1:31  Orbital Command  
  19  1:32  Reaper  
  20  1:35  Factory  
  20  1:45  Supply Depot  
  20  1:57  SCV  
  21  2:04  Reaper  
  22  2:09  SCV  
  23  2:20  Hellion  
  25  2:25  SCV  
  25  2:29  Command Center  
  26  2:36  Barracks Reactor  
  27  2:37  SCV  
  27  2:43  Supply Depot  
  27  2:44  Widow Mine  
  27  2:49  SCV  
  30  2:55  Starport  
  30  3:01  SCV  
  31  3:09  Factory Tech Lab  
  31  3:13  SCV  
  31  3:17  Marine x2  
  34  3:25  SCV  
  35  3:32  Cyclone  
  35  3:34  Refinery  
  38  3:37  SCV  
  38  3:39  Starport Tech Lab  
  39  3:43  Orbital Command  
  39  3:52  SCV  
  40  4:02  Marine x2  
  42  4:04  SCV  
  43  4:11  SCV  
  43  4:15  Siege Tank  
  43  4:16  SCV, Raven  
  49  4:21  Supply Depot  
  49  4:23  SCV  
  50  4:28  SCV  
  50  4:35  SCV  
  51  4:39  Supply Depot  
  51  4:40  SCV  
  51  4:42  Command Center  
  50  4:47  SCV  
  50  4:51  Siege Tank  
  50  4:52  SCV  
  55  4:54  Supply Depot  
  55  4:59  SCV, Raven  
  58  5:04  SCV  
  58  5:05  Marine x2  
  61  5:10  Refinery  
  61  5:11  SCV, Supply Depot  
  62  5:16  SCV  
  63  5:23  SCV, Siege Tank  
  69  5:28  SCV  
  68  5:35  SCV  
  68  5:36  Barracks  
  68  5:37  Engineering Bay, Barracks  
  68  5:38  Engineering Bay  
  69  5:44  SCV  
  69  5:47  SCV  
  69  5:48  Marine  
  72  5:51  Viking  
  72  5:52  Viking  
  72  5:55  Orbital Command  
  76  6:01  Siege Tank  
  76  6:02  SCV x2  
  81  6:06  Marine  
  81  6:08  Terran Infantry Weapons Level 1  
  81  6:09  Terran Infantry Armor Level 1  
  81  6:10  Stimpack  
  82  6:14  SCV x2  
  84  6:21  Viking  
  84  6:22  Viking  
  84  6:23  Orbital Command  
  84  6:25  Barracks Reactor x2  
  88  6:28  SCV x2  
  89  6:40  SCV x2, Siege Tank  
  94  6:49  Supply Depot  
  94  6:50  Supply Depot  
  94  6:51  SCV, Supply Depot  
  94  6:52  SCV  
  94  6:53  SCV  
  97  6:55  Viking  
  97  6:56  Viking  
  101  7:11  SCV x3, Supply Depot x2, Armory, Marine x2  
  106  7:23  SCV x3  
  106  7:24  Refinery x2  
  106  7:25  Viking, Marine  
  106  7:26  Viking, Marine  
  106  7:29  Marine x2  
  117  7:39  Marine  
  117  7:40  Siege Tank  
  117  7:41  Barracks  
  117  7:42  Barracks  
  117  7:43  Marine  
  122  7:45  Sensor Tower  
  122  7:48  SCV x2  
  122  7:49  Marine x3  
  122  7:50  Combat Shield  
  122  7:51  SCV  
  122  7:57  Viking x2, Marine  
  128  8:00  SCV  
  128  8:03  Terran Vehicle Weapons Level 1  
  129  8:08  Marine x3  
  129  8:09  SCV  
  129  8:10  Command Center  
  129  8:11  Missile Turret  
  132  8:13  Marine  
  132  8:15  Marine  
  132  8:17  Siege Tank  
  137  8:22  Supply Depot  
  137  8:24  Supply Depot  
  137  8:25  Marine x2  
  137  8:26  Marine  
  140  8:30  Barracks Reactor  
  140  8:31  Barracks Reactor, Marine  
  141  8:36  Supply Depot  
  141  8:43  Medivac x2, Marine x4  
  141  8:46  Terran Infantry Weapons Level 2  
  149  8:49  Terran Infantry Armor Level 2, Marine  
  149  8:55  Supply Depot  
  150  9:00  Missile Turret  
  150  9:01  Marine x3  
  150  9:02  Marine  
  153  9:04  Missile Turret  
  153  9:07  Supply Depot, Marine  
  153  9:08  Siege Tank  
  158  9:16  Marine  
  143  9:19  Marine  
  143  9:21  Marine x4  
  143  9:22  Marine x2  
  126  9:25  Marine  
  126  9:27  SCV x2  
  129  9:32  SCV  
  129  9:34  Marine  
  132  9:39  Marine x5  
  132  9:40  Marine, Siege Tank  
  132  9:43  Marine  
  132  9:45  SCV  
  143  9:52  Marine  
  143  9:54  Medivac x2  
  143  9:57  Factory, Marine x3  
  143  9:58  Barracks Reactor  
  143  9:59  Planetary Fortress  
  150  10:01  SCV x3  
  150  10:02  Refinery  
  150  10:03  Refinery  
  150  10:04  Marine x2  
  150  10:06  Marine x2  
  156  10:12  Siege Tank  
  156  10:13  SCV x3  
  161  10:14  Marine  
  161  10:15  Marine x2  
  161  10:21  Sensor Tower  
  164  10:25  SCV x3, Liberator x2  
  172  10:30  Marine x5  
  172  10:32  Marine  
  172  10:34  Missile Turret  
  177  10:36  Marine x4  
  177  10:37  SCV x2  
  177  10:38  SCV  
  184  10:44  Siege Tank  
  184  10:48  Marine x5  
  184  10:49  SCV  
  194  10:50  SCV, Marine  
  194  10:54  Marine  
Show
View Real Time Build Order
Export as new Build Order

Kas Terran 

Build Orders:  

Get SALT Encoding   

  12  0:00  SCV  
  13  0:12  SCV  
  14  0:17  Supply Depot  
  14  0:24  SCV  
  15  0:33  Refinery  
  15  0:38  SCV  
  16  0:44  Barracks  
  16  0:51  SCV  
  17  0:58  Refinery  
  17  1:04  SCV  
  18  1:16  SCV  
  19  1:31  Factory  
  19  1:32  Orbital Command  
  19  1:38  Reaper  
  20  1:48  Supply Depot  
  20  1:57  SCV  
  21  2:09  SCV  
  21  2:10  Reaper  
  21  2:15  Hellion  
  25  2:26  Command Center  
  25  2:29  SCV  
  26  2:37  Supply Depot, Factory Tech Lab  
  26  2:41  SCV  
  26  2:43  Barracks Reactor  
  27  2:51  Starport  
  27  2:53  SCV  
  28  3:01  Cyclone  
  30  3:09  SCV  
  30  3:21  SCV  
  30  3:25  Marine x2  
  33  3:29  Supply Depot  
  33  3:33  SCV  
  34  3:39  Raven  
  36  3:44  Marine x2, Factory Tech Lab  
  36  3:45  SCV  
  39  3:51  Refinery  
  39  3:57  SCV  
  40  4:05  Marine x2  
  40  4:07  Siege Tank  
  45  4:10  SCV  
  43  4:17  Orbital Command  
  43  4:22  SCV  
  44  4:24  Marine x2  
  43  4:34  SCV  
  43  4:35  Raven  
  46  4:43  SCV  
  47  4:46  SCV  
  47  4:47  Marine x2  
  50  4:53  Siege Tank  
  50  4:55  SCV  
  50  4:57  Supply Depot  
  50  4:58  SCV  
  55  5:07  SCV, Marine x2  
  55  5:10  SCV  
  55  5:12  Command Center  
  59  5:19  SCV  
  59  5:20  Raven, Supply Depot  
  62  5:25  Marine x2  
  64  5:33  SCV x2  
  66  5:37  Siege Tank  
  69  5:43  Marine  
  69  5:45  SCV x2, Supply Depot, Marine  
  73  5:50  Supply Depot  
  73  5:57  SCV x2  
  77  6:09  SCV x2  
  77  6:11  Starport Reactor, Engineering Bay, Barracks, Siege Tank  
  77  6:13  Barracks  
  77  6:14  Stimpack  
  77  6:15  Marine  
  81  6:20  Engineering Bay  
  81  6:21  SCV x2  
  55  6:25  Orbital Command  
  83  6:33  SCV  
  83  6:34  SCV  
  83  6:36  Marine  
  83  6:37  Refinery  
  83  6:39  Supply Depot, Terran Infantry Weapons Level 1  
  86  6:45  SCV, Siege Tank  
  86  6:46  SCV  
  91  6:47  Terran Infantry Armor Level 1  
  91  6:49  Supply Depot  
  91  6:51  Orbital Command  
  91  6:55  Marine  
  91  6:58  SCV  
  91  6:59  Marine x2  
  91  7:00  Starport Reactor  
  94  7:03  SCV  
  95  7:10  SCV  
  95  7:11  Marine x2  
  95  7:13  Marine  
  99  7:19  Marine x2  
  99  7:20  SCV, Siege Tank  
  105  7:23  Supply Depot  
  105  7:24  SCV x2, Barracks x2  
  105  7:25  Supply Depot  
  105  7:28  Marine  
  105  7:29  Marine  
  109  7:31  Marine  
  109  7:36  SCV x2, Marine  
  109  7:37  SCV, Marine  
  112  7:41  Refinery x2  
  115  7:46  Marine x2  
  115  7:47  Armory  
  115  7:48  SCV  
  115  7:49  Marine  
  119  7:53  SCV x2, Combat Shield  
  119  7:56  Supply Depot x2  
  119  7:57  Medivac x2  
  125  8:02  SCV, Supply Depot  
  125  8:04  Marine x2  
  125  8:05  SCV x2  
  130  8:13  Barracks Reactor x2  
  130  8:14  SCV, Siege Tank  
  130  8:15  Marine  
  130  8:17  SCV x2  
  137  8:23  Marine x2  
  139  8:29  Marine x2  
  139  8:30  Medivac x2  
  145  8:40  Marine, Terran Infantry Weapons Level 2  
  146  8:42  Supply Depot  
  146  8:43  Supply Depot, Terran Infantry Armor Level 2  
  146  8:45  Marine x2  
  146  8:46  Marine x2  
  150  8:55  Command Center  
  150  8:56  Marine x2  
  150  8:58  Marine  
  150  9:00  Marine  
  150  9:01  Marine  
  155  9:05  Marine  
  155  9:06  Marine x3  
  155  9:08  Supply Depot  
  159  9:12  Supply Depot  
  135  9:20  Marine x3  
  135  9:21  Marine  
  135  9:22  Marine  
  100  9:25  Marine x4  
  104  9:37  Marine x2  
  104  9:38  Marine  
  103  9:39  Marine x2  
  103  9:42  Siege Tank  
  103  9:43  Marine x4  
  110  9:49  SCV  
  110  9:50  SCV  
  110  9:52  Sensor Tower  
  112  9:54  Medivac x2  
  112  9:55  Marine x3  
  112  9:57  Marine x2  
  121  10:00  Marine  
  121  10:01  Marine x3  
  125  10:07  Barracks x2  
  125  10:09  Barracks  
  125  10:10  Orbital Command  
  125  10:13  Marine x2  
  118  10:14  Marine  
  118  10:15  Marine x2  
  118  10:17  Siege Tank  
  118  10:18  Marine x4  
  127  10:24  Medivac  
  127  10:25  Medivac  
  130  10:31  Marine x2  
  130  10:32  Marine  
  130  10:33  Marine  
  130  10:35  Marine  
  134  10:36  Marine x2, Sensor Tower  
  134  10:37  Marine x2  
  135  10:49  Marine x2  
  136  10:50  Marine x2  
  136  10:53  Marine x3  
  136  10:54  Marine x2  
  136  10:55  Marine x2  
  136  10:56  Marine  
Tags
 
Add a new tag
Caveats
  • Supply blocks, unpowered buildings, or Contaminate may cause inaccurate times.
  • Supply counts are checked every 10 seconds.